 Dungeon Crawl Stone Soup version 0.29-a0-555-g3b24f45cc1 (webtiles) character file.

Game seed: 7193983073626458451

4510 siradein the Skirmisher (level 10, 0/115 HPs)
             Began as a Demonspawn Monk on June 8, 2022.
             Was an Initiate of Yredelemnul.
             Slain by a killer bee (4 damage)
             ... on level 8 of the Dungeon.
             The game lasted 00:22:01 (9004 turns).

siradein the Skirmisher (Demonspawn Monk)           Turns: 9004, Time: 00:22:02

Health: 0/115      AC: 29    Str: 15    XL:     10   Next: 16%
Magic:  13/13      EV:  2    Int: 13    God:    Yredelemnul [......]
Gold:   481        SH: 24    Dex: 21    Spells: 9/9 levels left

rFire   . . .      SeeInvis .     - Unarmed
rCold   . . .      Faith    .   z - +0 tower shield
rNeg    . . .      Spirit   .   (body armour currently unavailable)
rPois   +          Reflect  +   (helmet currently unavailable)
rElec   .          Harm     .   (cloak currently unavailable)
rCorr   .          Rampage  .   (gloves currently unavailable)
Will    .....      NoTele   +   (boots currently unavailable)
Stlth   ++++......              l - amulet of reflection
HPRegen 0.29/turn               r - +6 ring of dexterity
MPRegen 0.13/turn               (no ring)

@: tree-form
A: stationary, stasis, torment immunity, boosted hp, (yellow scales 2), icemail
1, (spiny 1), condensation shield, (weakness stinger 1)
a: Renounce Religion, Recall Undead Harvest


You were on level 8 of the Dungeon.
You worshipped Yredelemnul.
Yredelemnul was noncommittal.
You were a tree.
You visited 2 branches of the dungeon, and saw 9 of its levels.

You collected 481 gold pieces.

Inventory:

Hand Weapons
 B - the +7 falchion of the Tooth {freeze, Dex+5}
   (You found it on level 5 of the Dungeon)

   It freezes those it strikes, dealing additional cold damage.
   It can also slow down cold-blooded creatures.
   Dex:       It affects your dexterity (+5).
Missiles
 t - 12 boomerangs
 v - 5 javelins
 C - a throwing net
Armour
 a - +0 acid dragon scales (melded)
 j - a +2 cloak of willpower (melded)
 w - a +2 helmet (melded)
 z - a +0 tower shield (worn)
 D - a +2 pair of gloves (melded)
Jewellery
 h - an amulet of magic regeneration
 l - an amulet of reflection (around neck)
 r - a +6 ring of dexterity (left branch)
 F - a +4 ring of evasion
Wands
 e - a wand of flame (29)
 G - a wand of mindburst (18)
Scrolls
 f - 3 scrolls of amnesia {unknown}
 n - a scroll of silence {unknown}
 o - a scroll of poison {unknown}
 p - 3 scrolls of noise {unknown}
 q - a scroll of fog {unknown}
 s - 2 scrolls of enchant weapon
 u - a scroll of immolation {unknown}
 y - 3 scrolls of fear
 H - 3 scrolls of teleportation {unknown}
 I - a scroll of brand weapon {unknown}
 J - a scroll of identify
 K - 3 scrolls of enchant armour
Potions
 b - a potion of ambrosia
 c - 4 potions of flight
 d - a potion of brilliance
 g - 3 potions of heal wounds {unknown}
 i - 2 potions of lignification
 k - 2 potions of curing
 m - 2 potions of cancellation
 x - a potion of magic {unknown}
 A - a potion of invisibility {unknown}
 E - a potion of mutation {unknown}


   Skills:
 + Level 6.6 Fighting
 + Level 5.0 Armour
 + Level 6.1 Dodging
 + Level 6.1 Stealth
 + Level 4.7 Shields
 + Level 6.1 Unarmed Combat
 + Level 5.2 Invocations


You had 9 spell levels left.
You didn't know any spells.
Your spell library contained the following spells:

 Spells                   Type           Power      Damage    Failure   Level
 Magic Dart               Conj           0%         1d3       98%         1
 Call Imp                 Summ           0%         N/A       99%         2
 Mephitic Cloud           Conj/Pois/Air  0%         N/A       100%        3
 Fulminant Prism          Conj/Hex       0%         3d6       100%        4
 Iskenderun's Mystic Bla  Conj/Tloc      0%         2d3       100%        4
 Lee's Rapid Deconstruct  Erth           0%         3d5*      100%        5


Dungeon Overview and Level Annotations

Branches:
Dungeon (8/15)             Temple (1/1) D:4
   Lair: D:8-11

Altars:
Ashenzari
Cheibriados
Dithmenos
Elyvilon
Fedhas
Gozag
Hepliaklqana
Kikubaaqudgha
Makhleb
Nemelex Xobeh
Okawaru
Qazlal
Ru
Sif Muna
Trog
Uskayaw
Vehumet
Wu Jian
Xom
Yredelemnul
Zin
The Shining One

Shops:
D:1 (   D:6 *

Annotations:
D:8 Gastronok


Innate Abilities, Weirdness & Mutations

You are a tree.
Your roots penetrate the ground, keeping you stationary.
You cannot be teleported.
You are immune to unholy pain and torment.
Your maximum health is greatly increased.
Your equipment is partially melded.
((You are mostly covered in yellow scales. (AC +3)))
A meltable icy envelope protects you from harm. (AC +4)
((You are partially covered in sharp spines.))
A meltable shield of frost defends you. (SH +4)
((You have a small tail.))


Message History

The killer bee stings you but does no damage.
Unknown command.
You hit the killer bee.
The killer bee is moderately wounded.
The killer bee stings you.
* * * LOW HITPOINT WARNING * * *
You block the killer bee's attack. x2
You smack the killer bee!
The killer bee is severely wounded.
You block the killer bee's attack. x2
You barely miss the killer bee.
The killer bee is severely wounded.
The killer bee stings you but does no damage.
You block the killer bee's attack. x2
You closely miss the killer bee.
The killer bee is severely wounded.
The killer bee stings you.
* * * LOW HITPOINT WARNING * * *
You block the killer bee's attack.
You closely miss the killer bee.
The killer bee is severely wounded.
You block the killer bee's attack. x3
You smack the killer bee!
You kill the killer bee!
The killer bee stings you but does no damage.
You hit the killer bee.
The killer bee is lightly wounded.
You block the killer bee's attack. The killer bee barely misses you.
The killer bee stings you but does no damage.
You hit the killer bee.
The killer bee is heavily wounded.
You block the killer bee's attack. x2
You smack the killer bee!
You kill the killer bee!
The dead are flying!
You block the killer bee's attack. x2
You hit the killer bee.
The killer bee is lightly wounded.
You block the killer bee's attack. The killer bee stings you.
You die...
Your body rises from the dead as a mindless zombie.

##....# #### #.....### ....
##.......#### ...#
#....###....####..## #....#
#####.......# #...## ##..###..#
#....# #).##....#####
#....########...........#.
##.......Z♣yy..#...........
##..##....####..........)...
##..####.### ###............
##..## #.# ............ ###..##
#.## .......)...[ ##...##
##..######............[ #....#
##..........##..........
.....#####.....#########.........
..............## ###.........


You could see 2 killer bees and a friendly killer bee zombie.

Vanquished Creatures
  A two-headed ogre (D:8)
  Maggie (D:6)
  Prince Ribbit (D:6)
  Sigmund (D:5)
  Menkaure (D:5)
  A water moccasin (D:6)
  2 sky beasts (D:7)
  2 black bears
  2 ogres
  2 ice beasts
  A centaur (D:6)
  2 phantoms
  A kobold brigand (D:5)
  A bullfrog (D:7)
  3 wights
  Dowan (D:6)
  7 killer bees
  3 orc priests
  3 hounds
  Natasha (thrice) (D:4)
  A gnoll shaman (D:7)
  7 iguanas
  4 orc wizards
  Robin (D:2)
  5 gnolls
  5 adders
  A shadow imp (D:6)
  2 white imps
  2 ufetubi
  2 worms (D:2)
  3 dart slugs
  25 orcs
  8 endoplasms
  4 giant cockroaches
  11 goblins
  11 hobgoblins
  5 jackals
  7 quokkas
  8 ball pythons
  4 bats
  2 frilled lizards (D:2)
  14 kobolds
  6 rats
177 creatures vanquished.

Vanquished Creatures (collateral kills)
  A hornet (D:6)
  Duvessa (D:6)
  An orc warrior (D:6)
  A scorpion (D:4)
  2 necrophages
  A hound (D:6)
  An orc priest (D:5)
  A gnoll (D:7)
  7 orcs
  A giant cockroach (D:4)
  A hobgoblin (D:4)
  2 jackals (D:4)
  A ball python (D:4)
  A kobold (D:4)
22 creatures vanquished.

Vanquished Creatures (others)
  An iguana zombie (D:7)
  A spectral white imp (D:5)
  2 gnoll zombies (D:7)
  A giant cockroach zombie (D:4)
  3 jackal zombies
  A kobold (D:4)
  A kobold zombie (D:5)
  8 orc zombies
18 creatures vanquished.

Grand Total: 217 creatures vanquished

Notes
Turn   | Place    | Note
-------+----------+-------------------------------------------
     0 | D:1      | siradein the Demonspawn Monk began the quest for the Orb.
     0 | D:1      | Reached XP level 1. HP: 18/18 MP: 1/1
   368 | D:1      | Gained mutation: A meltable shield of frost defends you.
                  | (SH +4) [demonic ancestry]
   368 | D:1      | Reached XP level 2. HP: 17/24 MP: 2/2
   467 | D:1      | Found Osetemp's Antique Weapon Emporium.
   540 | D:1      | Found a faded altar of an unknown god.
  1426 | D:2      | Reached XP level 3. HP: 25/29 MP: 3/3
  1727 | D:2      | Reached skill level 1 in Armour
  2834 | D:3      | Gained mutation: You are partially covered in sharp spines.
                  | [demonic ancestry]
  2834 | D:3      | Reached XP level 4. HP: 33/35 MP: 4/4
  3191 | D:2      | Noticed Robin
  3238 | D:2      | Killed Robin
  3378 | D:3      | Gained mutation: You are partially covered in yellow
                  | scales. (AC +2) [demonic ancestry]
  3378 | D:3      | Reached XP level 5. HP: 36/42 MP: 5/5
  3954 | D:4      | Noticed Natasha
  3964 | D:4      | Killed Natasha
  3968 | D:4      | Noticed Natasha
  3979 | D:4      | Killed Natasha
  4010 | D:4      | Gained mutation: You are mostly covered in yellow scales.
                  | (AC +3) [demonic ancestry]
  4010 | D:4      | Reached XP level 6. HP: 48/48 MP: 6/6
  4023 | D:4      | Found a staircase to the Ecumenical Temple.
  4044 | D:4      | Noticed Natasha
  4051 | D:4      | Killed Natasha
  4063 | Temple   | Entered the Ecumenical Temple
  4217 | Temple   | Became a worshipper of Yredelemnul the Dark
  4217 | Temple   | Reached * piety under Yredelemnul
  4217 | Temple   | Reached ** piety under Yredelemnul
  4305 | D:4      | Reached skill level 1 in Shields
  4551 | D:4      | Reached XP level 7. HP: 51/55 MP: 7/7
  5032 | D:4      | Reached *** piety under Yredelemnul
  5082 | D:5      | Entered Level 5 of the Dungeon
  5224 | D:5      | Found a stormy altar of Qazlal.
  5329 | D:5      | Noticed Sigmund
  5383 | D:5      | Killed Sigmund
  5384 | D:5      | Reached skill level 5 in Fighting
  5384 | D:5      | Reached XP level 8. HP: 47/62 MP: 8/8
  5517 | D:5      | Noticed Menkaure
  5535 | D:5      | Killed Menkaure
  5790 | D:5      | Identified the +7 falchion of the Tooth {freeze, Dex+5}
  6252 | D:6      | Noticed Duvessa
  6252 | D:6      | Noticed Dowan
  6265 | D:6      | Killed Dowan
  6266 | D:6      | Reached skill level 1 in Invocations
  6317 | D:6      | Noticed a hornet
  6330 | D:6      | Paralysed by a hornet for 2 turns
  6336 | D:6      | Killed a hornet
  6337 | D:6      | Reached skill level 5 in Dodging
  6337 | D:6      | Reached skill level 5 in Unarmed Combat
  6460 | D:6      | Reached skill level 5 in Stealth
  6479 | D:6      | Noticed Prince Ribbit
  6495 | D:6      | Killed Prince Ribbit
  6496 | D:6      | Gained mutation: You have a small tail. [demonic ancestry]
  6496 | D:6      | Reached XP level 9. HP: 66/69 MP: 9/11
  6576 | D:6      | Killed Duvessa
  6763 | D:6      | Found Zin's Purification Station.
  6879 | D:6      | Noticed Maggie
  6899 | D:6      | Killed Maggie
  8462 | D:8      | Noticed Gastronok
  8940 | D:8      | Noticed a two-headed ogre
  8992 | D:8      | HP: 3/71 [two-headed ogre/+0 giant spiked club (23)]
  8993 | D:8      | Killed a two-headed ogre
  8994 | D:8      | Reached skill level 5 in Armour
  8994 | D:8      | Reached skill level 5 in Invocations
  8994 | D:8      | Gained mutation: A meltable icy envelope protects you from
                  | harm. (AC +4) [demonic ancestry]
  8994 | D:8      | Reached XP level 10. HP: 3/77 MP: 13/13
  8998 | D:8      | HP: 2/115 [killer bee (4)]
  9004 | D:8      | Slain by a killer bee

Illustrated notes

Levels and vault maps discovered:
D:1:      heliophobic_arrival_glass_houses, layout_basic,
          shapermc_ecumenical_altar_petra, serial_shops,
          nicolae_shop_temple_entry_statues_fountains
D:2:      minmay_inner_zag, layout_loops_cross, dreamdust_princess_bridge,
          uniq_robin
D:3:      kennysheep_big_flooded_room, layout_rooms, minmay_increasing_density
D:4:      cheibrodos_pilgrimage, layout_cave_pools, minmay_temple_entry_slanted,
          minmay_joined_circles, uniq_natasha
D:5:      layout_basic, lemuel_round_altar, chequers_serial_rivers_small_b,
          uniq_sigmund, uniq_menkaure
D:6:      layout_gridville, zin_purify, chequers_serial_rivers_micro_c,
          chequers_serial_rivers_small_3, minmay_misc_feat_secret_circle,
          uniq_maggie, uniq_prince_ribbit1, uniq_duvessa
D:7:      layout_basic
D:8:      layout_layer_cave, uniq_gastronok
Temple:   regret_index_temple_chain_breaker

Skill      XL: |  1  2  3  4  5  6  7  8  9 |
---------------+----------------------------+-----
Stealth        | 2 3 4 5 6 |  6.1
Dodging        | 3 4 5 6 |  6.1
Unarmed Combat | 3 4 5 6 |  6.1
Armour         | 1 2 3 4 5 |  5.0
Fighting       | 4 5 6 |  6.6
Shields        | 1 2 3 4 |  4.7
Invocations    | 2 5 |  5.2

Action                   |  1- 3 |  4- 6 |  7- 9 | 10-12 || total
-------------------------+-------+-------+-------+-------++-------
Melee: Unarmed           |   182 |   183 |   427 |    10 ||   802
       Spear             |    18 |       |       |       ||    18
       Punch             |       |     4 |       |       ||     4
       Tailslap          |       |       |    40 |       ||    40
Throw: Boomerang         |       |       |     1 |       ||     1
Invok: Recall Undead Har |       |     1 |       |       ||     1
  Use: Scroll            |       |       |    11 |       ||    11
       Potion            |       |       |       |     1 ||     1
 Stab: Sleeping          |     2 |     1 |     3 |       ||     6
       Distracted        |       |       |     1 |       ||     1
Armor: Ring mail         |    51 |    17 |       |       ||    68
       Robe              |     5 |       |       |       ||     5
       Scale mail        |       |    28 |    82 |       ||   110
       Acid dragon scale |       |       |    65 |       ||    65
       Skin              |       |       |       |     4 ||     4
Dodge: Dodged            |    96 |    45 |   129 |     1 ||   271
Block: Other             |    49 |    50 |       |       ||    99
       Reflection        |     2 |     6 |     7 |       ||    15
       Tower shield      |       |   116 |   607 |    17 ||   740

Table legend: (Time is in decaauts)
 A = Elapsed time spent in this place.
 B = Non-inter-level travel time spent in this place.
 C = Inter-level travel time spent in this place.
 D = Time resting spent in this place.
 E = Time spent auto-exploring this place.
 F = Levels seen in this place.
 G = Mean time per level.
                   A        B        C        D        E       F      G
               +--------+--------+--------+--------+--------+-----+--------+
         Total |   9170 |   8750 |    420 |    557 |   6176 |   9 | 1018.9 |
       Dungeon |   8998 |   8578 |    420 |    557 |   6071 |   8 | 1124.8 |
        Temple |    171 |    171 |      0 |      0 |    105 |   1 |  171.0 |
               +--------+--------+--------+--------+--------+-----+--------+

Top non-repeatable levels by time:
     D:2: 1946 daAuts
     D:7: 1567 daAuts
     D:5: 1190 daAuts
     D:1: 1141 daAuts
     D:4: 1059 daAuts
     D:6: 845 daAuts
     D:3: 804 daAuts
     D:8: 443 daAuts
  Temple: 171 daAuts
